 Dungeon Crawl Stone Soup version bcrawl-1.23.1 (webtiles) character file.

Game seed: 10515171854480451163

186 Gazerockf the Shield-Bearer (level 5, -4/34 HPs)
             Began as a Skeleton Fighter on May 26, 2020.
             Slain by Sigmund
             ... wielding a +0 scythe
              (10 damage)
             ... on level 3 of the Dungeon.
             The game lasted 00:06:25 (2743 turns).

Gazerockf the Shield-Bearer (Skeleton Fighter)      Turns: 2743, Time: 00:06:26

Health: -4/34      AC:  8    Str: 26    XL:     5   Next: 38%
Magic:  0/7        EV:  7    Int:  7    God:
Gold:   189        SH: 11    Dex:  9    Spells: 6/6 levels left

rFire    . . .     SeeInvis .   a - +0 long sword
rCold    + . .     Gourm    .   c - +0 medium shield
rNeg     + + +     Faith    .   b - +0 scale mail
rPois    ∞         Spirit   +   (no helmet)
rElec    .         Reflect  .   (no cloak)
rCorr    .         Harm     .   g - +0 pair of gloves
MR       .....                  (no boots)
Stlth    ++........             (no amulet)
HPRegen  0.11/turn              j - +4 ring of strength
MPRegen  0.10/turn              i - ring of stealth

@: no status effects
A: no food or potions, cold resistance 1, deterioration 1, negative energy
resistance 3, torment resistance, unbreathing, magic shield, sturdy frame 1,
spell healing
a: no special abilities


You were on level 3 of the Dungeon.
You were not hungry.

You visited 1 branch of the dungeon, and saw 3 of its levels.
You also visited: Sewer.

You collected 189 gold pieces.

Inventory:

Hand Weapons
 a - a +0 long sword (weapon)
Armour
 b - a +0 scale mail (worn)
 c - a +0 medium shield (worn)
 d - a +0 ring mail
 g - a +0 pair of gloves (worn)
Jewellery
 i - a ring of stealth (right hand)
 j - a +4 ring of strength (left hand)
Scrolls
 f - a scroll of identify


   Skills:
 + Level 4.5 Fighting
 - Level 2.4 Long Blades
 - Level 3.2 Armour
 + Level 5.8 Shields
 - Level 1.4 Spellcasting


You had 6 spell levels left.
You didn't know any spells.
Your spell library was empty.

Dungeon Overview and Level Annotations

Branches:
Dungeon (3/12)

Altars:
Ashenzari
Cheibriados

Annotations:
D:3 Sigmund


Innate Abilities, Weirdness & Mutations

You do not eat or drink.
You are immune to poison.
Your flesh is cold resistant. (rC+)
Your body sometimes deteriorates upon taking damage.
You are immune to negative energy. (rN+++)
You are immune to unholy pain and torment.
You can survive without breathing.
When hurt, damage is shared between your health and your magic reserves.
Your movements are slightly less encumbered by armour. (ER -2)
Casting spells heals you.


Message History

The magic dart hits you.
* * * LOW HITPOINT WARNING * * *
You barely miss Sigmund.
Sigmund is severely wounded.
Sigmund closely misses you.
You barely miss Sigmund.
Sigmund is severely wounded.
You block Sigmund's attack.
You closely miss Sigmund.
Sigmund is severely wounded.
Sigmund mumbles some strange words.
Sigmund flickers and vanishes!
Deactivating autopickup; reactivate with Ctrl-A.
Your shield and scale mail prevent you from hitting something.
You hear some strange, mumbled words.
A puff of flame appears from out of thin air!
The puff of flame hits you.
* * * LOW HITPOINT WARNING * * *
You closely miss something. Something hits you!
You die...

#.# J...# #.# ..@. #.#
.o. #.# .o
#.##########.#
#..[.......#.##
#############.....##
#.................8.#
#.####....{@...........
#†# #.##########.....g
#.# #.######## #8.#.#
#.# #........## ### #
#.####........'.
#.............#
#######.......#
#.......# #†)†....#


There were no monsters in sight!

Vanquished Creatures
  A big kobold (Sewer)
  2 adders (D:3)
  3 river rats
  2 oozes
  3 worms
  3 dart slugs
  A leopard gecko (D:1)
  4 orcs
  3 giant cockroaches
  2 goblins (D:1)
  5 hobgoblins
  4 jackals
  A quokka (D:3)
  2 bats (D:1)
  8 kobolds
  7 rats
51 creatures vanquished.

Vanquished Creatures (others)
  5 toadstools (D:1)
5 creatures vanquished.

Grand Total: 56 creatures vanquished

Notes
Turn   | Place    | Note
-------+----------+-------------------------------------------
     0 | D:1      | Gazerockf the Skeleton Fighter began the quest for the Orb.
     0 | D:1      | Reached XP level 1. HP: 14/14 MP: 1/1
   169 | D:1      | Reached skill level 4 in Shields
   346 | D:1      | Reached XP level 2. HP: 16/19 MP: 0/2
  1204 | D:2      | Reached skill level 1 in Spellcasting
  1399 | D:2      | Found a snail-covered altar of Cheibriados.
  1408 | D:2      | Reached XP level 3. HP: 23/23 MP: 3/5
  2042 | D:3      | Found a shattered altar of Ashenzari.
  2180 | D:3      | Reached skill level 5 in Shields
  2180 | D:3      | Reached XP level 4. HP: 28/29 MP: 6/6
  2185 | D:3      | Found a glowing drain.
  2212 | Sewer    | Entered a sewer
  2450 | Sewer    | Noticed a big kobold
  2487 | Sewer    | Killed a big kobold
  2487 | Sewer    | Reached XP level 5. HP: 24/34 MP: 7/7
  2579 | Sewer    | Found a white marble altar of Elyvilon.
  2685 | D:3      | Noticed Sigmund
  2743 | D:3      | Slain by Sigmund

Skill      XL: |  1  2  3  4 |
---------------+-------------+-----
Shields        | 4 5 |  5.8
Spellcasting   | 1 |  1.4
Fighting       | 4 |  4.5
Long Blades    | |  2.4
Armour         | |  3.2

Action                   |  1- 3 |  4- 6 || total
-------------------------+-------+-------++-------
Melee: Long sword        |   132 |   109 ||   241
  Use: Scroll            |     4 |       ||     4
 Stab: Sleeping          |     1 |     1 ||     2
Armor: Scale mail        |    65 |    39 ||   104
Dodge: Dodged            |    35 |    26 ||    61
Block: Medium shield     |    76 |    51 ||   127
